 Dungeon Crawl Stone Soup version 0.14-a0-2119-ge69afc6 (webtiles) character file.

6185 Medar the Slicer (level 11, -5/72 HPs)
             Began as a Formicid Arcane Marksman on Jan 26, 2014.
             Was a Believer of Ashenzari.
             Headbutted by a minotaur (16 damage)
             ... in a labyrinth on Jan 27, 2014.
             The game lasted 00:48:41 (11604 turns).

Medar the Slicer (Formicid Arcane Marksman)        Turns: 11604, Time: 00:48:41

HP  -5/72        AC 10     Str 18      XL: 11   Next: 20%
MP  15/22        EV 13     Int 14      God: Ashenzari [**....]
Gold 688         SH  0     Dex 10      Spells:  4 memorised,  7 levels left

rFire  . . .     SeeInvis +     a - +1,+0 short sword (elec) (curse)
rCold  . . .     Clarity  .     y - +3 leather armour (curse)
rNeg   + . .     Conserve .     (no shield)
rPois  x         rCorr    .     (helmet unavailable)
rElec  .         rRot     .     C - +0 cloak (curse)
SustAb . .       Spirit   .     S - +0 pair of gloves
rMut   .         Warding  .     (no boots)
Saprov . . .     Stasis   +     (no amulet)
MR     +....                    f - cursed ring of positive energy
                                i - cursed -4,+7 ring of slaying

@: somewhat resistant to hostile enchantments, very unstealthy
A: permanent stasis, dig shafts and tunnels, four strong arms, poison weakness,
antennae 3, exoskeleton 1
a: Dig, Shaft Self, Renounce Religion


You were in a labyrinth.
You worshipped Ashenzari.
Ashenzari was pleased with you.
You were hungry.

You visited 3 branches of the dungeon, and saw 11 of its levels.
You also visited: Labyrinth and Bailey.

You collected 991 gold pieces.
You spent 303 gold pieces at shops.

Inventory:

Hand weapons
 a - a cursed +1,+0 short sword of electrocution (weapon)
Missiles
 l - 20 tomahawks of returning
 M - a large rock (quivered)
Armour
 y - a cursed +3 leather armour (worn)
 C - a cursed +0 cloak (worn)
 S - a +0 pair of gloves (worn)
Magical devices
 b - a wand of teleportation (0)
 d - a wand of random effects (12)
 p - a wand of lightning (0)
 u - a wand of cold (11)
 Q - a wand of frost (7)
Comestibles
 h - a chunk of adder flesh
 j - a chunk of rat flesh
 m - 3 meat rations
 s - a rotting chunk of crocodile flesh
Scrolls
 g - 2 scrolls of fog
 n - a scroll of immolation
 q - 2 scrolls of magic mapping
 P - a scroll of remove curse
Jewellery
 f - a cursed ring of positive energy (right hand)
 i - a cursed -4,+7 ring of slaying (left hand)
Potions
 e - 4 potions of curing
 A - 2 potions of flight
 F - a potion of restore abilities


   Skills:
 - Level 6.0 Fighting
 - Level 8.1(10.4) Short Blades
 + Level 4.3 Throwing
 - Level 6.8 Armour
 - Level 5.9 Dodging
 - Level 4.3 Spellcasting
 - Level 8.0(9.5) Hexes


You had 7 spell levels left.
You knew the following spells:

 Your Spells              Type           Power        Failure   Level  Hunger
d - Slow                  Hex            ####....     1%          2    ##.....
f - Cause Fear            Hex            ####......   4%          4    ####...
g - Enslavement           Hex            ####....     4%          4    ####...
s - Corona                Hex            ####...      1%          1    None


Dungeon Overview and Level Annotations

Branches:
Dungeon (9/16)             Temple (1/1) D:7            Lair (1/8) D:9
    Orc: D:9-12

Altars:
Ashenzari
Cheibriados
Dithmengos
Fedhas
Kikubaaqudgha
Makhleb
Okawaru
Trog
Vehumet
Xom
Yredelemnul
Zin
The Shining One

Shops:
D:4 *   D:7 ?   D:9 %

Annotations:
D:3 exclusion: downstairs
D:4 bees!, exclusion: downstairs
D:5 Faustar's ghost, experienced VSBe
D:6 exclusion: orc wizard


Innate Abilities, Weirdness & Mutations

Your are under a permanent stasis effect.
You can dig through walls and to a lower floor.
Your four strong arms can wield any weapon, most with a shield.
You are susceptible to poison.
You have a pair of large antennae on your head (SInv).
Your body is surrounded by an exoskeleton. (AC +1)


Message History

Throwing (i - inventory. (,) - cycle):
M - 3 large rocks (quivered)
Press: ? - help, Shift-Dir - straight line, f/p - minotaur
Aim: a minotaur (moderately wounded, entangled in a net)
You throw a large rock.
The large rock crashes through the minotaur.
The minotaur is moderately wounded.
The minotaur struggles against the net.
The net rips apart, and the minotaur comes free!
Throwing (i - inventory. (,) - cycle):
M - 2 large rocks (quivered)
Press: ? - help, Shift-Dir - straight line, f/p - minotaur
Aim: a minotaur (moderately wounded)
You throw a large rock.
The large rock crashes through the minotaur.
The minotaur is heavily wounded.
The minotaur hits you!
* * * LOW HITPOINT WARNING * * *
The minotaur gores you but does no damage.
You barely miss the minotaur.
The minotaur furiously retaliates!
The minotaur headbutts you!
You die...

. ,.# ,, * .####
* ** # ..# ,,,, ,
* * .#.# * * H#
#.# , ,, * , . .
.##### ####### ..
#...# ......(.# ,
. #.#. ##.#####H#
* ** .#.# #..
....#..@#
#################
* # , ,,* , # **
, *** ,* * .# , ,
, * , .# , ** ,*,
,, , * * * *


You could see a minotaur.

Vanquished Creatures
  A hydra (D:8)
  The ghost of flammableBen the Martial Artist, an experienced MfTm of Okawaru (D:7)
  An orc knight (Bailey)
  Maurice (D:9)
  A shadow (D:7)
  A hungry ghost (D:9)
  A porcupine (Lair:1)
  A necrophage (D:8)
  3 ice beasts (D:5)
  4 orc warriors (Bailey)
  A deep dwarf (D:8)
  A centaur (D:5)
  A crocodile (Lair:1)
  4 ogres
  2 phantoms (D:6)
  4 giant frogs
  An agate snail (Lair:1)
  A killer bee (D:4)
  A yak skeleton (D:9)
  5 crimson imps
  2 hounds
  A goliath beetle (D:9)
  3 orc priests
  2 iguanas
  Crazy Yiuf (D:7)
  A scorpion (D:6)
  A black bear skeleton (D:9)
  4 worker ants
  A mummy (D:7)
  3 ogre skeletons
  A hound zombie (D:7)
  A worker ant zombie (D:9)
  A giant centipede (D:9)
  7 gnolls
  10 adders
  A giant mite (D:7)
  3 worms
  An adder skeleton (D:7)
  4 giant eyeballs
  7 giant geckos
  5 oozes (D:1)
  17 orcs
  12 bats
  7 giant cockroaches
  14 goblins
  14 hobgoblins
  11 jackals
  24 kobolds
  7 quokkas
  3 ball pythons
  A giant gecko skeleton (D:4)
  8 giant newts
  3 giant spores (D:7)
  A hobgoblin skeleton (D:6)
  A jackal zombie (D:9)
  A kobold zombie (D:5)
  21 rats
  2 ballistomycetes (D:7)
243 creatures vanquished.

Vanquished Creatures (others)
  A goblin (D:7)
1 creature vanquished.

Grand Total: 244 creatures vanquished

Notes
Turn   | Place    | Note
--------------------------------------------------------------
     0 | D:1      | Medar, the Formicid Arcane Marksman, began the quest for the Orb.
     0 | D:1      | Reached XP level 1. HP: 13/13 MP: 2/2
   193 | D:1      | Reached skill level 4 in Hexes
   279 | D:1      | Reached XP level 2. HP: 16/18 MP: 1/3
   764 | D:1      | Reached XP level 3. HP: 21/23 MP: 2/4
  1042 | D:1      | Reached skill level 5 in Hexes
  1105 | D:1      | Learned a level 2 spell: Slow
  1292 | D:1      | Reached XP level 4. HP: 17/28 MP: 3/5
  2016 | D:2      | Reached skill level 6 in Hexes
  2326 | D:2      | Reached XP level 5. HP: 33/33 MP: 2/7
  2724 | D:3      | Reached skill level 1 in Armour
  3426 | D:3      | Reached skill level 1 in Short Blades
  3426 | D:3      | Reached XP level 6. HP: 39/39 MP: 4/8
  3595 | D:3      | Learned a level 4 spell: Cause Fear
  3712 | D:3      | Found a shattered altar of Ashenzari.
  3724 | D:3      | Became a worshipper of Ashenzari the Shackled
  3980 | D:4      | Found a blossoming altar of Fedhas.
  4235 | D:4      | Found a shadowy altar of Dithmengos.
  4392 | D:5      | Entered Level 5 of the Dungeon
  4616 | D:5      | Reached XP level 7. HP: 25/44 MP: 4/9
  5037 | D:5      | Noticed Faustar's ghost (experienced VSBe)
  5195 | D:4      | Found Phuog's Elemental Accessories.
  5287 | D:4      | Bought a wand of lightning (5) for 99 gold pieces
  5377 | D:5      | Noticed an ice beast
  5377 | D:5      | Noticed an ice beast
  5391 | D:5      | Killed an ice beast
  5391 | D:5      | Reached skill level 5 in Short Blades
  5391 | D:5      | Killed an ice beast
  5637 | D:4      | Reached XP level 8. HP: 17/50 MP: 8/10
  5848 | D:4      | Noticed an ogre
  5867 | D:4      | Killed an ogre
  5867 | D:4      | Reached skill level 7 in Short Blades
  5966 | D:5      | Noticed an ice beast
  5983 | D:5      | Killed an ice beast
  6404 | D:6      | Reached skill level 8 in Short Blades
  6828 | D:6      | Found a bloodstained altar of Trog.
  7054 | D:6      | Reached XP level 9. HP: 49/54 MP: 11/17
  7060 | D:6      | Learned a level 4 spell: Enslavement
  7284 | D:7      | Got the dagger "Hydraslayer" {holy, rC- Int+1}
  7444 | D:7      | Found a staircase to the Ecumenical Temple.
  7454 | Temple   | Entered the Ecumenical Temple
  7853 | D:7      | Noticed Crazy Yiuf
  7857 | D:7      | Killed Crazy Yiuf
  7910 | D:7      | Noticed flammableBen's ghost (experienced MfTm)
  7955 | D:7      | Killed flammableBen's ghost
  7955 | D:7      | Reached skill level 5 in Fighting
  8048 | D:7      | Reached XP level 10. HP: 66/68 MP: 21/21
  8051 | D:7      | Found Jikkeb's Magic Scroll Emporium.
  8054 | D:7      | Bought a scroll of identify for 24 gold pieces
  8054 | D:7      | Bought 3 scrolls of remove curse for 108 gold pieces
  8054 | D:7      | Bought a scroll of identify for 24 gold pieces
  8054 | D:7      | Bought a scroll of curse weapon for 24 gold pieces
  8054 | D:7      | Bought a scroll of curse armour for 24 gold pieces
  8143 | D:7      | Found a snail-covered altar of Cheibriados.
  8237 | D:8      | Noticed a six-headed hydra
  8248 | D:8      | Killed an eight-headed hydra
  8556 | D:8      | Reached skill level 5 in Armour
  8818 | D:8      | Found an iron altar of Okawaru.
  8983 | D:8      | Found a shimmering altar of Xom.
  9049 | D:9      | Reached skill level 5 in Dodging
  9244 | D:9      | Found a flagged portal.
  9290 | Bailey   | Entered a bailey
  9295 | Bailey   | Noticed an orc knight
  9645 | Bailey   | Acquired Ashenzari's first power
  9645 | Bailey   | Identified the +8,+0 dagger "Hydraslayer" {holy, rC- Int+1} (You found it on level 7 of the Dungeon)
  9774 | Bailey   | Killed an orc knight
 10054 | Bailey   | Reached XP level 11. HP: 69/72 MP: 22/22
 10231 | D:9      | Found a glowing golden altar of the Shining One.
 10269 | D:9      | Found a staircase to the Lair.
 10341 | D:9      | Noticed Maurice
 10348 | D:9      | Killed Maurice
 10368 | D:9      | Found Chascha's Food Emporium.
 11225 | Lair:1   | Entered Level 1 of the Lair of Beasts
 11406 | Lair:1   | Identified the cursed -2,+3 war axe of the Hall of Blades {chop, rC+}
 11436 | Lair:1   | Found a labyrinth entrance.
 11451 | Lab      | Entered a labyrinth
 11545 | Lab      | Noticed a minotaur
 11604 | Lab      | Headbutted by a minotaur

Action                   |  1- 3 |  4- 6 |  7- 9 | 10-12 || total
-------------------------+-------+-------+-------+-------++-------
Melee: Unarmed           |    34 |       |       |       ||    34
       Club              |    77 |    88 |       |       ||   165
       Short sword       |       |   137 |   225 |   231 ||   593
Throw: Large rock        |    12 |    22 |    13 |    20 ||    67
       Throwing net      |       |     1 |     2 |     2 ||     5
       Dart              |       |       |     6 |       ||     6
       Tomahawk          |       |       |       |    48 ||    48
 Cast: Corona            |    22 |    44 |    27 |    28 ||   121
       Slow              |       |    18 |    11 |    13 ||    42
       Cause Fear        |       |       |       |     2 ||     2
 Abil: Dig               |       |     1 |       |    14 ||    15
Evoke: Wand              |       |       |     5 |     9 ||    14
  Use: Scroll            |     4 |     7 |     7 |     8 ||    26
       Potion            |       |       |     1 |     7 ||     8
 Stab: Sleeping          |     1 |       |     1 |       ||     2
       Held in net/web   |       |       |       |     1 ||     1
